 Dungeon Crawl Stone Soup version 0.28.0 (webtiles) character file.

Game seed: 1607327169225117208

1903 themarg the Nimble (level 9, -6/57 HPs)
             Began as a Merfolk Summoner on Feb 16, 2022.
             Was a Believer of Dithmenos.
             Killed from afar by Harold (20 damage)
             ... with a harpoon shot
             ... on level 6 of the Dungeon.
             The game lasted 00:46:59 (7821 turns).

themarg the Nimble (Merfolk Summoner)               Turns: 7821, Time: 00:46:59

Health: -6/57      AC:  8    Str:  8    XL:     9   Next: 15%
Magic:  7/17       EV: 15    Int: 19    God:    Dithmenos [**....]
Gold:   201        SH:  0    Dex: 14    Spells: 12/19 levels left

rFire   + . .      SeeInvis .   v - +0 spear (vorpal)
rCold   x . .      Faith    .   (no shield)
rNeg    . . .      Spirit   .   a - +0 robe
rPois   .          Reflect  .   (no helmet)
rElec   .          Harm     .   (no cloak)
rCorr   .          Rampage  .   o - +0 pair of gloves
Will    .....                   h - +0 pair of boots
Stlth   +++++.....              (no amulet)
HPRegen 0.19/turn               l - +4 ring of protection
MPRegen 0.15/turn               r - ring of fire

@: marked, wreathed by umbra
A: (nimble swimmer 2), mertail
a: Renounce Religion, Shadow Step


You were on level 6 of the Dungeon.
You worshipped Dithmenos.
Dithmenos was pleased with you.
You visited 1 branch of the dungeon, and saw 7 of its levels.

You collected 201 gold pieces.

Inventory:

Hand Weapons
 v - a +0 vorpal spear (weapon)
Missiles
 c - 191 stones (quivered)
 w - 3 boomerangs of dispersal
Armour
 a - a +0 robe (worn)
 h - a +0 pair of boots (worn)
 o - a +0 pair of gloves (worn)
Jewellery
 l - a +4 ring of protection (left hand)
 r - a ring of fire (right hand)
Wands
 f - a wand of mindburst (8)
Scrolls
 d - 2 scrolls of identify {unknown}
 e - a scroll of fog {unknown}
 g - a scroll of magic mapping {unknown}
 k - a scroll of teleportation {unknown}
 m - 3 scrolls of amnesia
 p - 2 scrolls of enchant weapon {unknown}
 q - 3 scrolls of noise {unknown}
 s - a scroll of vulnerability
Potions
 b - a potion of mutation {unknown}
 i - a potion of degeneration {unknown}
 j - a potion of attraction {unknown}
 n - a potion of brilliance {unknown}
 t - 3 potions of flight
 u - a potion of might {unknown}


   Skills:
 * Level 1.1 Polearms
 * Level 8.0 Dodging
 + Level 7.1 Stealth
 + Level 5.6 Spellcasting
 + Level 0.3 Hexes
 * Level 7.0 Summonings


You had 12 spell levels left.
You knew the following spells:

 Your Spells              Type           Power      Damage    Failure   Level
a - Summon Small Mammal   Summ           100%       N/A       1%          1
b - Call Canine Familiar  Summ           32%        N/A       1%          3
c - Summon Guardian Gole  Hex/Summ       19%        N/A       8%          3

Your spell library contained the following spells:

 Spells                   Type           Power      Damage    Failure   Level
 Call Imp                 Summ           32%        N/A       1%          2
 Beastly Appendage        Tmut           10%        N/A       12%         1
 Wereblood                Tmut           5%         N/A       19%         2
 Summon Lightning Spire   Summ/Air       18%        N/A       26%         4
 Spider Form              Tmut/Pois      5%         N/A       34%         3


Dungeon Overview and Level Annotations

Branches:
Dungeon (7/15)             Temple (0/1) D:4

Altars:
Dithmenos
Gozag
Xom

Annotations:
D:5 exclusion: shadow
D:6 exclusion: downstairs, Harold
D:7 2 runed translucent doors


Innate Abilities, Weirdness & Mutations

((You are very nimble when in or above water. (Stealth+, EV+, Speed+++)))
Your lower body shifts to a powerful aquatic tail in water.


Message History

The mark upon you grows brighter. Harold casts a spell at you.
The mark upon you grows brighter.
You climb upwards.
Your summoned ally is left behind.
Level annotation: exclusion: downstairs
There is a stone staircase leading down here.
Casting: Summon Guardian Golem (dangerous; 8% risk of failure)
Confirm with . or Enter, or press ? or * to list all spells.
Harold barely misses you.
Casting: Call Canine Familiar (safe; 1% risk of failure)
Confirm with . or Enter, or press ? or * to list all spells.
A guardian golem appears, shielding your allies.
Harold hits you but does no damage.
You swap places.
Your hound bites Harold but does no damage.
Your hound bites Harold.
Harold fires a harpoon shot at you.
The harpoon shot hits your guardian golem!
Your hound bites Harold.
Your hound bites Harold.
Harold hits your guardian golem with a +0 mace.
Your hound barely misses Harold.
What are your orders? t - Shout!
Orders for allies: a - Attack new target. r - Retreat! s - Stop attacking. g - Guard the area. f - Follow me.
Anything else - Cancel.
Guard this area!
Harold fires a harpoon shot at you. The harpoon shot hits you!
* * * LOW HITPOINT WARNING * * *
You are yanked forward by the harpoon shot.
Your hound bites Harold.
Your hound bites Harold but does no damage.
Your hound closely misses Harold.
Your hound bites Harold.
Harold fires a harpoon shot at you. The harpoon shot hits you!!
You die...

.....))(.............#
#####)#######.####.#.# #[#
#..# #.#.# ## #.# ##.###.#.#
.# #.# #..##.#.# .# #.#
##.##.#.# .####[# ###.##.#.#
......# #....#.#.# ####..#
#...@#.#.# ...#..# #......#.#
##.#..# #...9@.#.#
...#..#######.....h#.#
####.............#.#.########
#.............#.#.#......####
#..)..........#.#...........#
#..<......#####.###......##.#
#.........# #.# #......##.#


You could see Harold (ally target), a friendly guardian golem (summoned) and a
friendly hound (summoned, sheltered).

Vanquished Creatures
  Pargi (D:4)
  A sky beast (D:6)
  2 phantoms (D:6)
  A scorpion (D:5)
  A centaur zombie (D:7)
  A bullfrog skeleton (D:6)
  An orc wizard (D:6)
  A howler monkey zombie (D:6)
  2 adders
  A gnoll (D:5)
  2 worms (D:3)
  A dart slug (D:1)
  4 orcs
  4 ball pythons
  4 endoplasms
  5 giant cockroaches
  3 goblins
  3 hobgoblins
  2 quokkas
  5 bats
  A kobold (D:2)
  4 rats
50 creatures vanquished.

Vanquished Creatures (collateral kills)
  Edmund (D:6)
  An ice beast (D:5)
  4 scorpions
  2 hounds (D:5)
  An iguana (D:5)
  3 orc wizards
  2 hound skeletons (D:5)
  3 gnolls (D:4)
  4 adders
  A white imp (D:5)
  14 orcs
  A bat (D:1)
  2 endoplasms (D:1)
  A giant cockroach (D:1)
  3 goblins
  A hobgoblin (D:1)
  5 ball pythons
  2 kobolds
  3 rats
54 creatures vanquished.

Vanquished Creatures (others)
  2 orc warriors
  A centaur (D:6)
  2 scorpions
  A centaur zombie (D:6)
  A jelly (D:6)
  An orc priest (D:6)
  A centaur skeleton (D:6)
  A gnoll shaman (D:6)
  An orc wizard (D:5)
  A killer bee zombie (D:6)
  3 gnolls (D:6)
  6 orcs
21 creatures vanquished.

Grand Total: 125 creatures vanquished

Notes
Turn   | Place    | Note
-------+----------+-------------------------------------------
     0 | D:1      | themarg the Merfolk Summoner began the quest for the Orb.
     0 | D:1      | Reached XP level 1. HP: 13/13 MP: 3/3
   132 | D:1      | Reached skill level 3 in Dodging
   132 | D:1      | Reached XP level 2. HP: 9/19 MP: 3/5
   886 | D:1      | Reached XP level 3. HP: 22/24 MP: 4/6
  1010 | D:1      | Found a faded altar of an unknown god.
  1018 | D:1      | Prayed at the altar of an unknown god.
  1018 | D:1      | Became a worshipper of Dithmenos the Shadowed
  1018 | D:1      | Reached * piety under Dithmenos
  1450 | D:2      | Reached XP level 4. HP: 20/30 MP: 7/7
  2677 | D:3      | Learned a level 3 spell: Call Canine Familiar
  2712 | D:4      | Noticed Pargi
  2789 | D:4      | Found a staircase to the Ecumenical Temple.
  2936 | D:4      | Killed Pargi
  2937 | D:4      | Reached skill level 4 in Dodging
  2937 | D:4      | Reached XP level 5. HP: 33/35 MP: 4/9
  3425 | D:4      | Reached XP level 6. HP: 41/41 MP: 6/10
  3827 | D:5      | Entered Level 5 of the Dungeon
  3853 | D:4      | Learned a level 3 spell: Summon Guardian Golem
  3864 | D:5      | Reached skill level 5 in Summonings
  3870 | D:5      | Reached ** piety under Dithmenos
  3871 | D:5      | Reached skill level 5 in Dodging
  4096 | D:5      | Reached XP level 7. HP: 26/46 MP: 6/12
  4921 | D:5      | Reached skill level 5 in Stealth
  5091 | D:5      | Reached skill level 6 in Dodging
  5332 | D:5      | Noticed a shadow
  5617 | D:6      | Noticed Edmund
  5631 | D:6      | Killed Edmund
  5632 | D:6      | Reached XP level 8. HP: 51/52 MP: 10/14
  5913 | D:6      | Reached skill level 7 in Dodging
  6072 | D:5      | Reached skill level 5 in Spellcasting
  6686 | D:6      | Reached XP level 9. HP: 57/57 MP: 17/17
  7444 | D:7      | Noticed Harold
  7564 | D:7      | Found a shadowy altar of Dithmenos.
  7565 | D:7      | Found a shimmering altar of Xom.
  7570 | D:7      | Found an opulent altar of Gozag.
  7614 | D:7      | Found a runed translucent door.
  7617 | D:7      | Found a runed translucent door.
  7617 | D:7      | Noticed a two-headed ogre
  7617 | D:7      | Noticed a boulder beetle
  7668 | D:7      | Reached skill level 1 in Polearms
  7668 | D:7      | Reached skill level 8 in Dodging
  7821 | D:6      | Killed from afar by Harold

Illustrated notes

Levels and vault maps discovered:
D:1:      lightli_iron_boxes, layout_basic, basic_ecumenical_altar
D:2:      layout_basic, minmay_pentomino_z4
D:3:      layout_loops_ring, nicolae_elevator_lobby_asterisk
D:4:      layout_cave_pods, minmay_temple_entry_grid, kennysheep_generic_room_7,
          uniq_pargi
D:5:      layout_cave_pools, serial_column_ruins, column_ruins_columns_corner,
          column_ruins_open_tiny, column_ruins_open_medium_water,
          column_ruins_grid_3, column_ruins_columns_straight
D:6:      layout_basic, uniq_edmund
D:7:      minmay_the_grid_triangle_9x9_recursive_2
          [minmay_the_grid_triangle_9x9_prize_insulated,
          minmay_the_grid_triangle_9x9_tough_junction,
          minmay_the_grid_triangle_9x9_fully_insulated_deathbox,
          minmay_the_grid_triangle_9x9_semitri], layout_basic, minitemple,
          serial_shops, nicolae_square_shop, grunt_decor_junction, uniq_harold,
          uniq_maggie

Skill      XL: |  1  2  3  4  5  6  7  8  9 |
---------------+----------------------------+-----
Dodging        | 3 4 5 6 7 8 |  8.0
Stealth        | 3 4 5 6 7 |  7.1
Spellcasting   | 3 4 5 |  5.6
Summonings     | 5 6 7 |  7.0
Polearms       | 1 |  1.1
Hexes          | |  0.3

Action                   |  1- 3 |  4- 6 |  7- 9 || total
-------------------------+-------+-------+-------++-------
Melee: Club              |    12 |       |       ||    12
       Short sword       |    50 |    83 |       ||   133
       Punch             |       |     2 |     2 ||     4
       Spear             |       |    40 |   205 ||   245
Throw: Stone             |       |       |     1 ||     1
 Cast: Summon Small Mamm |    38 |    14 |     1 ||    53
       Call Canine Famil |       |    11 |    36 ||    47
       Summon Guardian G |       |     2 |    21 ||    23
  Use: Scroll            |       |     2 |     2 ||     4
       Potion            |       |     3 |     2 ||     5
 Stab: Distracted        |     2 |     1 |     3 ||     6
       Sleeping          |     4 |     6 |     5 ||    15
Armor: Robe              |    17 |    38 |    58 ||   113
Dodge: Dodged            |    49 |   120 |    97 ||   266
